 Dungeon Crawl Stone Soup version 0.30-a0-883-g5ad918d77d (webtiles) character file.

Game seed: 7311514465037816501

57292 Newt the Markskobold (level 15, -3/86 HPs)
             Began as a Kobold Hunter on Mar 15, 2023.
             Was an Elder of Hepliaklqana.
             Slain by a skyshark (6 damage)
             ... on level 5 of the Lair of Beasts.
             The game lasted 00:27:23 (21232 turns).

Newt the Markskobold (Kobold Hunter)               Turns: 21232, Time: 00:27:23

Health: -3/86      AC: 15    Str:  8    XL:     15   Next: 25%
Magic:  35/36      EV: 15    Int: 16    God:    Hepliaklqana [****..]
Gold:   1275       SH:  0    Dex: 24    Spells: 29/31 levels left

rFire   + . .      SeeInvis +    a - +5 shortbow (flame)
rCold   . . .      Faith    .    (shield currently unavailable)
rNeg    . . .      Spirit   .    c - +0 scale mail of Huojogo {rF+ Regen+ rCorr SInv}
rPois   .          Reflect  .    G - +1 helmet {Int+3}
rElec   .          Rampage  .    (no cloak)
rCorr   +                        y - +0 pair of gloves
Will    +....                    v - +0 pair of boots
Stlth   +++                      t - amulet of regeneration
HPRegen 1.94/turn                B - ring of Pixtaqoc {MP+9 Slay+2}
MPRegen 0.25/turn                m - +4 ring of protection

@: about to teleport, wereblooded
A: reduced essence, small, no large weapons, nightstalker 3
a: Renounce Religion, Recall Ancestor, Ancestor Identity, Transference, Idealise


You were on level 5 of the Lair of Beasts.
You worshipped Hepliaklqana.
Hepliaklqana was greatly pleased with you.
You visited 3 branches of the dungeon, and saw 20 of its levels.
You also visited: Ossuary and Bailey.

You collected 1275 gold pieces.

Inventory:

Hand Weapons
 a - a +5 shortbow of flaming (weapon)
Missiles
 I - 2 throwing nets
Armour
 c - the +0 scale mail of Huojogo (worn) {rF+ Regen+ rCorr SInv}
   (You found it on level 2 of the Lair of Beasts)

   rF:        It protects you from fire.
   SInv:      It lets you see invisible.
   Regen:     It increases your rate of health regeneration.
   rCorr:     It protects you from acid and corrosion.
 i - a +2 helmet
 v - a +0 pair of boots (worn)
 y - a +0 pair of gloves (worn)
 E - the +8 chain mail of Seneb {MP+9 Dex+2}
   (You found it on level 3 of the Lair of Beasts)

   Dex:       It affects your dexterity (+2).
   MP:        It affects your magic capacity (+9).
 G - a +1 helmet of intelligence (worn)
 R - a +2 troll leather armour
 T - a +2 robe of willpower
Jewellery
 m - a +4 ring of protection (right hand)
 t - an amulet of regeneration (around neck)
 x - a ring of resist corrosion
 B - the ring of Pixtaqoc (left hand) {MP+9 Slay+2}
   (You found it on level 3 of the Lair of Beasts)

   [ring of magical power]

   Slay:      It affects your accuracy & damage with ranged weapons and melee
   (+2).
   MP:        It affects your magic capacity (+9).
 H - a ring of poison resistance
 M - a ring of see invisible
 Q - a ring of flight
 V - a ring of willpower
 W - a ring of protection from fire
Wands
 j - a wand of flame (57)
 K - a wand of mindburst (19)
 L - a wand of light (5)
 O - a wand of paralysis (5)
 P - a wand of polymorph (8)
Scrolls
 b - a scroll of immolation
 e - a scroll of enchant weapon
 o - 9 scrolls of teleportation
 p - 4 scrolls of fog
 s - 3 scrolls of brand weapon
 z - 2 scrolls of magic mapping
 A - 3 scrolls of amnesia
 D - 9 scrolls of identify
 F - 5 scrolls of blinking
 J - a scroll of poison
 N - 2 scrolls of summoning
 X - a scroll of silence
 Z - 3 scrolls of fear
Potions
 d - 7 potions of brilliance
 f - 9 potions of curing
 g - 3 potions of heal wounds
 h - 3 potions of lignification
 k - 3 potions of cancellation
 l - a potion of berserk rage
 n - 8 potions of might
 r - 4 potions of haste
 u - 2 potions of mutation
 w - 4 potions of magic
 C - 7 potions of flight
 S - a potion of invisibility
Miscellaneous
 q - a lightning rod (4/4)


   Skills:
 - Level 12.0 Fighting
 - Level 20.0 Ranged Weapons
 - Level 4.0 Armour
 - Level 10.0 Dodging
 - Level 5.0 Stealth
 - Level 8.6 Spellcasting
 - Level 8.6 Transmutations
 + Level 3.2 Invocations
 - Level 10.0 Evocations


You had 29 spell levels left.
You knew the following spells:

 Your Spells              Type           Power      Damage    Failure   Level
a - Wereblood             Tmut           34%        N/A       3%          2

Your spell library contained the following spells:

 Spells                   Type           Power      Damage    Failure   Level
 Beastly Appendage        Tmut           68%        N/A       2%          1
 Passwall                 Tmut/Erth      16%        N/A       22%         2
 Spider Form              Tmut/Pois      20%        N/A       41%         3
 Blade Hands              Tmut           17%        N/A       56%         5
 Apportation              Tloc           12%        N/A       65%         1
 Foxfire                  Conj/Fire      24%        2x1d5     65%         1
 Freeze                   Ice            24%        1d4       65%         1
 Necrotise                Necr           24%        1d5       65%         1
 Summon Small Mammal      Summ           24%        N/A       65%         1
 Blink                    Tloc           12%        N/A       80%         2
 Lesser Beckoning         Tloc           12%        N/A       80%         2
 Momentum Strike          Conj/Tloc      12%        3d8       80%         2
 Static Discharge         Conj/Air       12%        2-3/arc   80%         2
 Gell's Gravitas          Tloc           6%         N/A       95%         3
 Teleport Other           Tloc           6%         N/A       95%         3
 Vhi's Electric Charge    Tloc/Air       12%        N/A       95%         3
 Animate Armour           Summ/Erth      12%        N/A       100%        4
 Animate Dead             Necr           6%         N/A       100%        4
 Summon Ice Beast         Ice/Summ       6%         N/A       100%        4
 Arcjolt                  Conj/Air       3%         1d13      100%        5
 Borgnjor's Vile Clutch   Necr/Erth      3%         N/A       100%        5
 Fireball                 Conj/Fire      3%         3d4       100%        5
 Lightning Bolt           Conj/Air       3%         1d14      100%        5
 Summon Mana Viper        Hex/Summ       6%         N/A       100%        5
 Death Channel            Necr           3%         N/A       100%        6
 Iron Shot                Conj/Erth      3%         9d2       100%        6
 Starburst                Conj/Fire      3%         6d3       100%        6
 Monstrous Menagerie      Summ           3%         N/A       100%        7


Dungeon Overview and Level Annotations

Branches:
Dungeon (14/15)            Temple (1/1) D:6            Lair (5/5) D:9
 Shoals (0/4) Lair:3       Spider (0/4) Lair:3        Slime (0/5) Lair:4
    Orc (0/2) D:9          Vaults (0/5) D:14        Ossuary (visited)
 Bailey (visited)

Altars:
Ashenzari
Cheibriados
Dithmenos
Elyvilon
Fedhas
Gozag
Hepliaklqana
Kikubaaqudgha
Makhleb
Nemelex Xobeh
Okawaru
Qazlal
Ru
Sif Muna
Trog
Uskayaw
Vehumet
Wu Jian
Xom
Yredelemnul
Zin
The Shining One
Jiyva

Shops:
D:9 =   D:14 *

Annotations:
D:6 1 transporter
D:8 2 transporters, ZoeForever1's ghost, novice DsRe
D:12 4 transporters


Innate Abilities, Weirdness & Mutations

Your life essence is reduced to manifest your ancestor. (-10% HP)
You are small and have problems with some larger weapons.
You are completely attuned to the shadows.


Message History

The six-headed hydra bites Thamphthis but does no damage. x3
The six-headed hydra completely misses Thamphthis.
Thamphthis blocks the cane toad's attack.
The water moccasin bites Thamphthis but does no damage.
You shoot an arrow. Thamphthis avoids your attack.
The arrow hits the six-headed hydra!!
The arrow burns the six-headed hydra.
You kill the six-headed hydra!
The skyshark bites you!
The skyshark tastes blood and grows stronger!
The skyshark tail-slaps you! The skyshark barely misses you.
Thamphthis closely misses the water moccasin.
Thamphthis barely misses the skyshark.
Thamphthis hits the cane toad with a +0 broad axe of flaming.
Thamphthis burns the cane toad.
The cane toad stings Thamphthis but does no damage.
The water moccasin bites Thamphthis!
Thamphthis is destroyed!
The skyshark bites you!!
The skyshark enters a blood-rage!
The skyshark tail-slaps you but does no damage.
The skyshark barely misses you.
Your Invocations skill increases to level 3!
As you read the scroll of teleportation, it crumbles to dust.
You feel strangely unstable. The skyshark bites you.
The skyshark closely misses you. The skyshark tail-slaps you!
The water moccasin bites you but does no damage.
Unknown command.
The water moccasin attacks as you move away!
The water moccasin bites you but does no damage.
You howl as the wereblood boils in your veins!
You hear an angry growl.
The skyshark bites you!!
* * * LOW HITPOINT WARNING * * *
The skyshark tail-slaps you but does no damage.
The skyshark misses you. The cane toad stings you.
* * * LOW HITPOINT WARNING * * *
The skyshark attacks as you move away! The skyshark bites you!
* * * LOW HITPOINT WARNING * * *
The skyshark closely misses you. The skyshark misses you.
The skyshark bites you.
You die...

...
######...
#..P.P..P
#.@SF....
##.l.....
.#........
..........
..........
.##.......
.........
.........
.........


You could see a skyshark (berserk), a cane toad and a water moccasin.

Vanquished Creatures
  The ghost of Kavoxtif the Severer, a journeyman MiFi of Okawaru (Lair:4)
  A fire dragon (D:14)
  Snorg (Lair:4)
  Josephine (Lair:3)
  3 hydras
  3 entropy weavers (Lair:3)
  2 vault guards (Bailey)
  Erolcha (D:10)
  A boulder beetle (D:12)
  2 centaur warriors
  2 dancing weapons (D:14)
  3 two-headed ogres
  A death yak (Lair:1)
  2 tengu warriors (D:13)
  Urug (Lair:4)
  A skyshark (Lair:3)
  7 fire crabs
  A swamp dragon (shapeshifter) (D:14)
  A wizard (D:14)
  5 ugly things (D:14)
  An orc knight (D:11)
  3 cyclopes
  4 manticores
  An apocalypse crab (Lair:3)
  2 torpor snails (Lair:1)
  2 gargoyles
  6 cane toads
  2 rime drakes
  3 unseen horrors
  A kobold demonologist (D:10)
  4 komodo dragons
  An efreet (D:13)
  3 trolls
  A hornet (D:10)
  12 blink frogs
  Prince Ribbit (Bailey)
  A dream sheep (Lair:3)
  A wind drake (Lair:3)
  15 slime creatures
  Sigmund (D:6)
  15 yaks
  4 vampires
  2 wraiths (Lair:3)
  A wyvern (Lair:2)
  3 basilisks
  3 steam dragons
  9 humans (Bailey)
  Grum (D:9)
  Menkaure (D:7)
  A warg (D:12)
  5 water moccasins
  Duvessa (D:4)
  2 sky beasts (D:7)
  11 orc warriors
  3 ice beasts
  A black bear (D:5)
  12 wolves
  5 centaurs
  3 ogres
  Blork the orc (D:5)
  4 kobold brigands
  13 bullfrogs
  A gnoll sergeant (D:7)
  2 scorpions (D:5)
  10 wights
  Dowan (D:4)
  6 killer bees (D:8)
  2 howler monkeys
  A centaur zombie (Ossuary)
  A hound (D:5)
  2 human zombies (Ossuary)
  3 gnoll boudas (D:7)
  5 orc priests
  16 jellies
  A sleepcap (D:7)
  3 iguanas
  9 orc wizards
  3 hell rats (Lair:5)
  3 mummies (Ossuary)
  21 gnolls
  14 adders
  A shadow imp (D:6)
  A white imp (D:7)
  A dart slug (D:3)
  41 orcs
  14 endoplasms
  3 giant cockroaches
  11 goblins
  6 hobgoblins
  2 jackals (D:3)
  4 quokkas
  3 ball pythons (D:3)
  7 bats
  4 frilled lizards
  A gnoll zombie (Ossuary)
  A goblin zombie (Ossuary)
  A hobgoblin zombie (Ossuary)
  23 kobolds
  A kobold zombie (Ossuary)
  An orc zombie (Ossuary)
  3 rats
439 creatures vanquished.

Vanquished Creatures (collateral kills)
  2 ghost crabs (Lair:3)
  A centaur warrior (D:14)
  A two-headed ogre (D:12)
  A black mamba (Lair:4)
  A molten gargoyle (Lair:4)
  2 cane toads
  A komodo dragon (Lair:2)
  3 blink frogs (Lair:3)
  A jumping spider (Lair:3)
  A wraith (Lair:3)
  8 yaks
  A water moccasin (Lair:1)
  2 bullfrogs (Lair:3)
  A crimson imp (D:14)
  A jelly (Lair:4)
  An orc wizard (D:14)
  2 hell rats (Lair:5)
  An endoplasm (Lair:4)
31 creatures vanquished.

Vanquished Creatures (others)
  9 knights
  5 ancestors (D:13)
  A fire vortex (Lair:5)
  5 fungi
  7 plants
27 creatures vanquished.

Grand Total: 497 creatures vanquished

Notes
Turn   | Place    | Note
-------+----------+-------------------------------------------
     0 | D:1      | Newt the Kobold Hunter began the quest for the Orb.
     0 | D:1      | Reached XP level 1. HP: 12/12 MP: 1/1
    77 | D:1      | Reached XP level 2. HP: 18/18 MP: 2/2
   499 | D:1      | Reached XP level 3. HP: 23/23 MP: 3/3
   811 | D:2      | Got Xohul's Quarto of Evolving Ice
   949 | D:2      | Identified the +5 flail of Xuqedep {holy, rN++}
  1439 | D:3      | Reached XP level 4. HP: 25/30 MP: 2/4
  1490 | D:3      | You fall into a shaft and drop 3 floors!
  1503 | D:6      | Noticed a centaur
  1520 | D:6      | Noticed Sigmund
  1524 | D:6      | Killed Sigmund
  1525 | D:6      | Reached skill level 5 in Fighting
  1525 | D:6      | Reached skill level 7 in Ranged Weapons
  1525 | D:6      | Reached XP level 5. HP: 16/35 MP: 2/5
  1525 | D:6      | Reached XP level 6. HP: 18/40 MP: 2/6
  1559 | D:6      | Noticed an orc warrior
  1582 | D:5      | Entered Level 5 of the Dungeon
  1716 | D:5      | Noticed a black bear
  1728 | D:5      | Killed a black bear
  1729 | D:5      | Reached skill level 8 in Ranged Weapons
  1754 | D:5      | Reached XP level 7. HP: 34/44 MP: 7/7
  1755 | D:5      | Found a sand-covered staircase.
  1760 | Ossuary  | Entered an ossuary
  1831 | Ossuary  | Reached skill level 9 in Ranged Weapons
  2152 | D:5      | Reached skill level 10 in Ranged Weapons
  2200 | D:4      | Noticed Duvessa
  2203 | D:4      | Noticed Dowan
  2490 | D:5      | Noticed Blork the orc
  2496 | D:5      | Killed Blork the orc
  2502 | D:5      | Reached XP level 8. HP: 40/49 MP: 4/8
  2757 | D:4      | Reached skill level 5 in Dodging
  2847 | D:4      | Killed Duvessa
  2849 | D:4      | Killed Dowan
  3793 | D:3      | Found a faded altar of an unknown god.
  4478 | D:5      | Reached skill level 11 in Ranged Weapons
  4991 | D:6      | Reached skill level 12 in Ranged Weapons
  4991 | D:6      | Reached XP level 9. HP: 54/54 MP: 9/9
  5139 | D:6      | Reached skill level 13 in Ranged Weapons
  5553 | D:6      | Noticed a cyclops
  5554 | D:6      | Found a sparkling altar of Nemelex Xobeh.
  5555 | D:6      | Found a transporter.
  5690 | D:6      | Found a staircase to the Ecumenical Temple.
  5749 | Temple   | Entered the Ecumenical Temple
  6053 | D:6      | HP: 2/54 [orc/+0 flail (6)]
  6541 | D:6      | Found a blossoming altar of Fedhas.
  6550 | D:6      | Found an ornate altar of the Wu Jian Council.
  6748 | D:7      | Reached skill level 14 in Ranged Weapons
  6883 | D:7      | Noticed Menkaure
  6886 | D:7      | Killed Menkaure
  6969 | D:7      | Reached XP level 10. HP: 64/64 MP: 10/10
  7608 | D:8      | Reached skill level 1 in Evocations
  7710 | D:8      | Found a transporter.
  7726 | D:8      | Found a transporter.
  7728 | D:8      | Noticed a two-headed ogre
  7779 | D:8      | Reached skill level 5 in Evocations
  8032 | D:8      | Noticed a moth of wrath
  8035 | D:8      | Noticed ZoeForever1's ghost (novice DsRe)
  8131 | D:9      | Reached skill level 1 in Armour
  8245 | D:9      | Found a staircase to the Orcish Mines.
  8314 | D:9      | Found Ojerriuq's Jewellery Emporium.
  8322 | D:9      | Noticed a two-headed ogre
  8332 | D:9      | Killed a two-headed ogre
  8333 | D:9      | Reached XP level 11. HP: 62/71 MP: 11/11
  8444 | D:9      | Found a staircase to the Lair.
  8548 | D:9      | Noticed a five-headed hydra
  8556 | D:9      | Killed a five-headed hydra
  8691 | D:9      | Noticed Grum
  8718 | D:9      | Killed Grum
  9085 | D:10     | Entered Level 10 of the Dungeon
  9090 | D:10     | Reached skill level 10 in Dodging
  9166 | D:10     | Found a flagged portal.
  9189 | Bailey   | Entered a bailey
  9297 | Bailey   | Reached skill level 15 in Ranged Weapons
  9322 | Bailey   | Noticed Prince Ribbit
  9324 | Bailey   | Killed Prince Ribbit
  9324 | Bailey   | Noticed a vault guard
  9347 | Bailey   | Killed a vault guard
  9595 | Bailey   | Noticed a vault guard
  9615 | Bailey   | Killed a vault guard
  9616 | Bailey   | Reached skill level 16 in Ranged Weapons
  9835 | D:10     | Noticed Erolcha
  9852 | D:10     | Reached XP level 12. HP: 56/75 MP: 12/12
  9854 | D:10     | Killed Erolcha
 10327 | D:10     | Found a radiant altar of Vehumet.
 10592 | D:10     | Found a faded altar of an unknown god.
 10595 | D:10     | Found a hazy altar of Hepliaklqana.
 10602 | D:10     | Became a worshipper of Hepliaklqana the Forgotten
 10692 | D:11     | Reached skill level 10 in Evocations
 10874 | D:11     | Reached skill level 5 in Stealth
 11433 | D:11     | Reached skill level 10 in Fighting
 11659 | D:12     | Noticed a boulder beetle
 11679 | D:12     | Killed a boulder beetle
 12124 | D:12     | Found a transporter.
 12154 | D:12     | Reached * piety under Hepliaklqana
 12176 | D:12     | Found a transporter.
 12312 | D:12     | Noticed a two-headed ogre
 12316 | D:12     | Killed a two-headed ogre
 12594 | D:12     | Found a transporter.
 12667 | D:12     | Found a transporter.
 13162 | D:13     | Noticed a two-headed ogre
 13167 | D:13     | Killed a two-headed ogre
 13168 | D:13     | Reached XP level 13. HP: 77/77 MP: 13/13
 13443 | D:13     | HP: 1/77 [efreet/fireball (36)]
 13507 | D:13     | Noticed a centaur warrior
 13514 | D:13     | Killed a centaur warrior
 13515 | D:13     | Reached skill level 17 in Ranged Weapons
 13743 | D:13     | Reached ** piety under Hepliaklqana
 13744 | D:13     | Remembered your ancestor Thamphthis as a knight
 14466 | D:14     | Noticed a centaur warrior
 14474 | D:14     | Killed a centaur warrior
 14475 | D:14     | Reached skill level 18 in Ranged Weapons
 14737 | D:14     | Found Dech's General Store.
 14976 | D:14     | Noticed a fire dragon
 14996 | D:14     | Killed a fire dragon
 14997 | D:14     | Reached skill level 19 in Ranged Weapons
 15054 | D:14     | Noticed a centaur warrior
 15076 | D:14     | Killed a centaur warrior
 15255 | D:14     | Found a gate to the Vaults.
 15730 | Lair:1   | Entered Level 1 of the Lair of Beasts
 15790 | Lair:1   | Reached skill level 20 in Ranged Weapons
 15965 | Lair:1   | Reached skill level 1 in Spellcasting
 15965 | Lair:1   | Reached skill level 1 in Transmutations
 15972 | Lair:1   | Reached *** piety under Hepliaklqana
 15976 | Lair:1   | Learned a level 2 spell: Wereblood
 16060 | Lair:1   | Reached XP level 14. HP: 82/82 MP: 15/17
 17009 | Lair:2   | Identified the +0 scale mail of Huojogo {rF+ Regen+ rCorr
                  | SInv}
 17869 | Lair:3   | Reached skill level 5 in Spellcasting
 17869 | Lair:3   | Reached skill level 5 in Transmutations
 18109 | Lair:3   | Reached **** piety under Hepliaklqana
 18115 | Lair:3   | Found a hole to the Spider Nest.
 18212 | Lair:3   | Found a staircase to the Shoals.
 18258 | Lair:3   | Found a runed translucent door.
 18476 | Lair:3   | Noticed Josephine
 18517 | Lair:3   | Killed Josephine
 19727 | Lair:3   | Reached XP level 15. HP: 27/86 MP: 26/26
 19780 | Lair:3   | Paralysed by you for 5 turns
 19797 | Lair:3   | Identified the ring of Pixtaqoc {MP+9 Slay+2}
 19799 | Lair:3   | Identified the +8 chain mail of Seneb {MP+9 Dex+2}
 20031 | Lair:4   | Found a staircase to the Slime Pits.
 20032 | Lair:4   | Found a viscous altar of Jiyva.
 20350 | Lair:4   | Noticed Urug
 20358 | Lair:4   | Killed Urug
 20623 | Lair:4   | Noticed Snorg
 20629 | Lair:4   | Killed Snorg
 20661 | Lair:4   | Found a runed translucent door.
 21041 | Lair:4   | Noticed Kavoxtif's ghost (journeyman MiFi)
 21062 | Lair:4   | Killed Kavoxtif's ghost
 21104 | Lair:5   | Entered Level 5 of the Lair of Beasts
 21128 | Lair:5   | Reached skill level 1 in Invocations
 21232 | Lair:5   | HP: 1/86 [skyshark (16)]
 21232 | Lair:5   | Slain by a skyshark

Illustrated notes

Levels and vault maps discovered:
D:1:      lightli_arrival_chessboard, layout_basic, grunt_decor_fettered,
          fountainhead, minivault_25
D:2:      layout_basic
D:3:      layout_rooms, hellmonk_ecumenical_altar_slurped_away,
          grunt_decor_mini_mirrors, hangedman_abyss_or_decor_lesser_grid,
          dk_noncrumbling_2, minmay_randomly_rotated_circles
D:4:      layout_cave_pools, uniq_duvessa
D:5:      layout_basic, enter_ossuary_2, nicolae_half_adder, uniq_blork_the_orc
D:6:      layout_basic, grunt_nemelex_the_gamble,
          mainiacjoe_overflow_large_starburst, minmay_temple_entry_slanted,
          uniq_sigmund
D:7:      layout_rooms, st_stairs_5, uniq_menkaure
D:8:      layout_rooms, gammafunk_ghost_wrathful_warriors
D:9:      layout_loops_cross, lair_entry_dummy, david_orc_4, serial_shops,
          nicolae_shop_waterfront, uniq_grum
D:10:     layout_rooms, beargit_hepliaklqana_dungeon_heroes, kennysheep_mini,
          enter_bailey_5, uniq_erolcha
D:11:     layout_roguey, kennysheep_generic_room_14
D:12:     layout_stronghold, nicolae_transporter_intersection
D:13:     cheibrodos_quadrivalence, layout_basic
D:14:     layout_basic, erik_vaults_1, serial_shops, shop,
          minmay_variable_closet, lightli_wizard_tower
Temple:   nicolae_temple_bog_church
Lair:1:   layout_roguey
Lair:2:   layout_cave_pods, grunt_megastairs_3
Lair:3:   gammafunk_mikee_crab_dinner, layout_chaotic_city,
          minmay_shoals_entry_beasts, spider_nest_entry_a, st_stairs_7,
          infiniplex_staircase_pool_2, uniq_josephine
Lair:4:   layout_gridlike, minmay_slime_entry_jelly_boxes,
          ebering_ghost_reflecting_pool, nicolae_lair_grove_arrangements,
          uniq_urug, uniq_snorg
Lair:5:   minmay_lair_end_enchanted_forest, layout_gridlike

Skill      XL: |  1  2  3  4  5  6  7  8  9 10 11 12 13 14 15 |
---------------+----------------------------------------------+-----
Fighting       | 3 4 5 7 9 12 | 12.0
Ranged Weapons | 7 8 10 12 14 16 20 | 20.0
Dodging        | 4 6 10 | 10.0
Evocations     | 6 7 10 | 10.0
Armour         | 4 |  4.0
Stealth        | 5 |  5.0
Spellcasting   | 2 7 8 |  8.6
Transmutations | 2 7 8 |  8.6
Invocations    | 3 |  3.2

Action                     |  1- 3 |  4- 6 |  7- 9 | 10-12 | 13-15 || total
---------------------------+-------+-------+-------+-------+-------++-------
   Fire: Shortbow          |    75 |    42 |   380 |   726 |   753 ||  1976
   Cast: Wereblood         |       |       |       |       |     7 ||     7
 Invoke: Ancestor Life: Kn |       |       |       |       |     1 ||     1
         Recall Ancestor   |       |       |       |       |     1 ||     1
  Evoke: Wand              |       |       |       |    12 |    11 ||    23
         Lightning rod     |       |       |       |       |     2 ||     2
    Use: Scroll            |     9 |     1 |    12 |     9 |     6 ||    37
         Potion            |     1 |     1 |     3 |       |     5 ||    10
 Armour: Leather armour    |     3 |    16 |    47 |       |       ||    66
         Steam dragon scal |       |       |     6 |    67 |       ||    73
         Troll leather arm |       |       |       |    26 |    28 ||    54
         Scale mail        |       |       |       |       |    82 ||    82
  Dodge: Dodged            |    22 |    23 |   164 |   402 |   226 ||   837

Table legend: (Time is in decaauts)
 A = Elapsed time spent in this place.
 B = Non-inter-level travel time spent in this place.
 C = Inter-level travel time spent in this place.
 D = Time resting spent in this place.
 E = Time spent auto-exploring this place.
 F = Levels seen in this place.
 G = Mean time per level.
                   A        B        C        D        E       F      G
               +--------+--------+--------+--------+--------+-----+--------+
         Total |  21026 |  20197 |    829 |   3167 |  13989 |  22 |  955.7 |
       Dungeon |  14474 |  13861 |    613 |   1965 |   9978 |  14 | 1033.9 |
        Temple |    276 |    254 |     22 |      0 |    239 |   1 |  276.0 |
          Lair |   5495 |   5302 |    193 |    988 |   3495 |   5 | 1099.0 |
       Ossuary |    276 |    276 |      0 |      0 |    167 |   1 |  276.0 |
        Bailey |    503 |    503 |      0 |    214 |    109 |   1 |  503.0 |
               +--------+--------+--------+--------+--------+-----+--------+

Top non-repeatable levels by time:
  Lair:3: 2197 daAuts
     D:5: 1615 daAuts
     D:6: 1550 daAuts
    D:12: 1469 daAuts
    D:13: 1435 daAuts
    D:14: 1190 daAuts
  Lair:4: 1163 daAuts
  Lair:1: 1015 daAuts
  Lair:2: 990 daAuts
    D:10: 986 daAuts
     D:9: 980 daAuts
     D:7: 873 daAuts
    D:11: 872 daAuts
     D:3: 815 daAuts
     D:4: 810 daAuts
